cohdb
Replays
Latest Replays
All Replays
Popular Replays
Top Player Replays
Match Explorer
How It Works
Community
CoH3 Stats
Reddit
Sign in to upload your games and track your stats! →
Sign in with Steam
Match 41623996
Unlisted
Match 41623996
Overview
Messages
Build Orders
End
Panzergrenadier Squad
Panzergrenadier Squad
Selects Battlefield Espionage Battlegroup
250 Light Carrier
Panzergrenadier Squad
Panzergrenadier Squad
Construct Light Support Kompanie
Selects Intel Disruption Beacon
Fire Support Elements
Flakvierling Half-track
2.5-tonne Medical Truck
MG34 Team
Selects 250/3 Funkpanzerwagen
Selects Anti-Tank Incendiary Munitions
Veteran Squad Leaders
Construct Panzerarmee Kommand
Armored Reserves
Panzer IV Assault Group
Selects Plunder
Selects Firestorm
Firestorm
Pak 38 Anti-tank Gun Team
Tiger Heavy Tank
Monkey CPU
moohey
FoxOnTheFront
김문상
Phan
MajikMouse
kamacura
Penultimate Peacock
0
0
Comments
sign in to comment!
No comments posted yet!